 Dungeon Crawl Stone Soup version 0.30.0-29-ga12c61a403 (webtiles) character file.

Game seed: 3848471963509458668

464 hawla the Magician (level 6, -2/32 HPs)
             Began as a Deep Elf Fire Elementalist on June 7, 2023.
             Slain by a sleepcap (8 damage)
             ... on level 4 of the Dungeon.
             The game lasted 00:08:08 (2022 turns).

hawla the Magician (Deep Elf Fire Elementalist)     Turns: 2022, Time: 00:08:09

Health: -2/32      AC:  2    Str:  5    XL:     6   Next: 80%
Magic:  6/16       EV: 12    Int: 22    God:
Gold:   66         SH:  0    Dex: 15    Spells: 9/16 levels left

rFire   . . .        g - +0 dagger
rCold   . . .        (no shield)
rNeg    . . .        a - +0 robe
rPois   .            (no helmet)
rElec   .            (no cloak)
rCorr   .            (no gloves)
SInv    .            (no boots)
Will    .....        (no amulet)
Stlth   ++           (no ring)
HPRegen 0.25/turn    (no ring)
MPRegen 0.15/turn

%: no passive effects
@: very slightly contaminated
A: no striking features
a: no special abilities


You were on level 4 of the Dungeon.
You visited 1 branch of the dungeon, and saw 4 of its levels.

You collected 66 gold pieces.

Inventory:

Hand Weapons
 g - a +0 dagger (weapon)
Armour
 a - a +0 robe (worn)
Potions
 b - 2 potions of lignification {unknown}
 c - 2 potions of curing
 d - a potion of magic
 e - a potion of might {unknown}
 f - a potion of cancellation {unknown}
 h - a potion of degeneration {unknown}
 i - a potion of berserk rage
 j - a potion of brilliance {unknown}
 k - a potion of mutation {unknown}
 m - a potion of resistance {unknown}


   Skills:
 + Level 2.5 Dodging
 + Level 3.6 Stealth
 - Level 0.1 Unarmed Combat
 + Level 5.5 Spellcasting
 + Level 4.8 Conjurations
 + Level 5.1 Fire Magic


You had 9 spell levels left.
You knew the following spells:

 Your Spells              Type           Power      Damage    Failure   Level
a - Foxfire               Conj/Fire      100%       2x1d9     1%          1
b - Scorch                Fire           56%        2d7       1%          2
c - Flame Wave            Conj/Fire      28%        2d9       12%         4

Your spell library contained the following spells:

 Spells                   Type           Power      Damage    Failure   Level
 Apportation              Tloc           12%        N/A       10%         1
 Sandblast                Erth           12%        2d6       10%         1
 Inner Flame              Hex/Fire       17%        N/A       10%         3
 Volatile Blastmotes      Fire/Tloc      34%        2d12      10%         3
 Stone Arrow              Conj/Erth      32%        3d9       11%         3
 Ensorcelled Hibernation  Hex/Ice        12%        N/A       14%         2
 Passwall                 Tmut/Erth      5%         N/A       14%         2
 Swiftness                Air            6%         N/A       28%         3
 Tukima's Dance           Hex            6%         N/A       28%         3
 Passage of Golubria      Tloc           6%         N/A       67%         4
 Alistair's Intoxication  Tmut/Pois      4%         N/A       95%         5
 Yara's Violent Unravell  Hex/Tmut       3%         3d4       95%         5


Dungeon Overview and Level Annotations

Branches:
Dungeon (4/15)
 Temple: D:4-7

Altars:

Shops:
D:1 ?   D:4 *

Annotations:
D:4 2 runed translucent doors, comborobin's ghost, weakling GnDe


Message History

The sleepcap is lightly damaged.
The sleepcap's fire resistance burns away.
The shadow imp sputters.
Casting: Scorch (safe; 1% risk of failure)
Confirm with . or Enter, or press ? or * to list all spells.
Flames lash the sleepcap.
The sleepcap is burned terribly!
The sleepcap is heavily damaged.
The sleepcap releases spores at you.
Casting: Scorch (safe; 1% risk of failure)
Confirm with . or Enter, or press ? or * to list all spells.
You miscast Scorch.
You are very lightly contaminated with residual magic.
Nothing appears to happen.
The sleepcap misses you.
Casting: Scorch (safe; 1% risk of failure)
Confirm with . or Enter, or press ? or * to list all spells.
The spell is quite dangerous to miscast (12% risk of failure)!
Continue anyway?
Casting: Flame Wave (quite dangerous; 12% risk of failure)
Press: ? - help, Dir - look around, f - activate A wave of flame ripples out!
The flame wave engulfs the sleepcap.
The sleepcap is burned terribly!
The sleepcap is severely damaged. (Press . to intensify the flame waves.)
The shadow imp puffs mist at you. The sleepcap barely misses you.
A wave of flame ripples out!
The flame wave engulfs the sleepcap!
The sleepcap is burned terribly!
The sleepcap is almost destroyed.
The flame wave engulfs the shadow imp!
You kill the shadow imp!
You hear a shout!
The sleepcap releases spores at you.
You are engulfed in a cloud of soporific spores!
You fall asleep.
The sleepcap releases spores at you!!
You wake up.
Ouch! That really hurt!
* * * LOW HITPOINT WARNING * * *
You are engulfed in a cloud of soporific spores!
You are unaffected.
The sleepcap releases spores at you!
You die...

# #... ## #... .#
.## #+ #..# .# ..#
... #..# ..# .#
.... #..## ..#
.### .....
#...##...# ...###
......###....#...#
.....+
......f@.........#
...###
......####.......#
...# .....
##.###### ##.#
.... #.# #.# ...
#.# ##.# #+# #.#
^..# #.# #.# ##.#
#.# #.# #.# ##.##
#.#


You could see a sleepcap (combustible).

Vanquished Creatures
  Edmund (D:4)
  A black bear (D:4)
  2 scorpions (D:4)
  A jelly (D:4)
  A hound (D:4)
  2 adders (D:4)
  A shadow imp (D:4)
  An ufetubus (D:4)
  A dart slug (D:1)
  4 ball pythons
  6 endoplasms
  A giant cockroach (D:4)
  5 goblins
  3 hobgoblins
  3 jackals (D:1)
  2 kobolds
  5 quokkas
  3 bats (D:1)
  3 frilled lizards
  3 rats
49 creatures vanquished.

Vanquished Creatures (others)
  134 foxfires
134 creatures vanquished.

Grand Total: 183 creatures vanquished

Notes
Turn   | Place    | Note
-------+----------+-------------------------------------------
     0 | D:1      | hawla the Deep Elf Fire Elementalist began the quest for
                  | the Orb.
     0 | D:1      | Reached XP level 1. HP: 10/10 MP: 6/6
   102 | D:1      | Reached XP level 2. HP: 15/15 MP: 6/8
   105 | D:1      | Learned a level 2 spell: Scorch
   273 | D:1      | Found Fonesy's Magic Scroll Boutique.
   536 | D:1      | Reached XP level 3. HP: 13/19 MP: 4/9
  1060 | D:4      | Noticed a scorpion
  1063 | D:4      | Killed a scorpion
  1064 | D:4      | Reached XP level 4. HP: 20/24 MP: 4/12
  1069 | D:4      | Learned a level 4 spell: Flame Wave
  1151 | D:4      | Found a large runed translucent door.
  1152 | D:4      | Found a large runed translucent door.
  1155 | D:4      | Noticed comborobin's ghost (weakling GnDe)
  1158 | D:4      | Noticed a black bear
  1163 | D:4      | Killed a black bear
  1164 | D:4      | Reached XP level 5. HP: 28/28 MP: 6/13
  1457 | D:4      | Found Omic's Gadget Gallery.
  1677 | D:4      | Identified the +0 leather armour of Loss {Rampage rC- rCorr
                  | Dex+6}
  1789 | D:4      | Reached XP level 6. HP: 32/32 MP: 7/14
  1864 | D:4      | Noticed Edmund
  1873 | D:4      | Killed Edmund
  1874 | D:4      | Reached skill level 5 in Spellcasting
  1874 | D:4      | Reached skill level 5 in Fire Magic
  2022 | D:4      | Slain by a sleepcap

Illustrated notes

Levels and vault maps discovered:
D:1:      sevenhm_arrival_forest_fort_small_4, layout_loops_cross, serial_shops,
          shop, hex_medium, chequers_jeans, hangedman_decor_clover_reticule,
          dk_noncrumbling_2
D:2:      layout_basic, kennysheep_pointless_box
D:3:      layout_loops_corners, nicolae_ecumenical_oubliette,
          chequers_serial_rivers_micro_b
D:4:      layout_loops_corners, ebering_ghost_disaster_area,
          nicolae_shop_gadgets, uniq_edmund

Skill      XL: |  1  2  3  4  5  6 |
---------------+-------------------+-----
Fire Magic     | 4 5 |  5.1
Stealth        | 3 |  3.6
Spellcasting   | 4 5 |  5.5
Conjurations   | 3 4 |  4.8
Dodging        | |  2.5
Unarmed Combat | |  0.1

Action                     |  1- 3 |  4- 6 || total
---------------------------+-------+-------++-------
  Melee: Unarmed           |     8 |       ||     8
         Dagger            |     1 |     3 ||     4
   Cast: Foxfire           |    56 |    29 ||    85
         Scorch            |     5 |    12 ||    17
         Flame Wave        |       |     1 ||     1
    Use: Potion            |     1 |       ||     1
         Scroll            |     1 |     3 ||     4
   Stab: Sleeping          |     1 |       ||     1
 Armour: Robe              |     4 |       ||     4
  Dodge: Dodged            |    10 |     6 ||    16
